 Dungeon Sprint DCSS version 0.26-a0-712-ga5a9c9c9d0 (webtiles) character file.

Game seed: 239893546901943524

2989 mhtbhm the Carver (level 9, -7/90 HPs)
             Began as a Minotaur Fighter on Oct 31, 2020.
             Was a High Priest of Okawaru.
             Mangled by an 11-headed hydra (8 damage)
             ... in the Dungeon (Sprint IX: "|||||||||||||||||||||||||||||").
             The game lasted 00:02:38 (682 turns).

mhtbhm the Carver (Minotaur Fighter)                 Turns: 682, Time: 00:02:38

Health: -7/90      AC: 14    Str: 27    XL:     9   Next: 53%
Magic:  7/8        EV: 12    Int:  5    God:    Okawaru [*****.]
Gold:   0          SH: 13    Dex: 10    Spells: 8/8 levels left

rFire    . . .     SeeInvis .   a - +2 scimitar (holy)
rCold    . . .     Faith    .   c - +0 kite shield
rNeg     . . .     Spirit   .   b - +1 chain mail
rPois    .         Reflect  .   (helmet restricted)
rElec    .         Harm     .   n - +0 cloak
rCorr    .         Rampage  .   (no gloves)
MR       .....     NoTele   +   (no boots)
Stlth    ..........             (no amulet)
HPRegen  0.25/turn              o - +3 ring of strength
MPRegen  0.11/turn              p - +2 ring of evasion

@: no status effects
A: retaliatory headbutt, horns 2
a: Heroism, Finesse, Renounce Religion


You were in the Dungeon.
You worshipped Okawaru.
Okawaru was extremely pleased with you.
You visited 1 branch

Inventory:

Hand Weapons
 a - a +2 scimitar of holy wrath (weapon)
Armour
 b - a +1 chain mail (worn)
 c - a +0 kite shield (worn)
 n - a +0 cloak (worn)
Jewellery
 o - a +3 ring of strength (left hand)
 p - a +2 ring of evasion (right hand)
Wands
 m - a wand of iceblast (6)
Scrolls
 i - a scroll of brand weapon
 j - 4 scrolls of blinking
 k - 3 scrolls of remove curse
 l - 3 scrolls of amnesia
 q - 2 scrolls of enchant weapon
 r - a scroll of fear
 s - a scroll of fog
Potions
 d - 3 potions of berserk rage
 e - 5 potions of curing
 f - 2 potions of heal wounds
 g - 4 potions of haste
 h - 4 potions of magic


   Skills:
 + Level 11.9 Fighting
 + Level 14.6 Long Blades
 + Level 11.4 Armour
 + Level 5.1 Dodging
 + Level 4.1 Stealth
 + Level 12.5 Shields
 + Level 0.5 Invocations
 + Level 2.2 Evocations


You had 8 spell levels left.
You didn't know any spells.
Your spell library was empty.

Dungeon Overview and Level Annotations

Branches:
Dungeon (1/1)

Altars:
Cheibriados
Dithmenos
Elyvilon
Fedhas
Gozag
Hepliaklqana
Kikubaaqudgha
Makhleb
Nemelex Xobeh
Okawaru
Qazlal
Ru
Sif Muna
Trog
Uskayaw
Vehumet
Wu Jian
Xom
Yredelemnul
Zin
The Shining One
Beogh
Jiyva
Lugonu


Innate Abilities, Weirdness & Mutations

You reflexively headbutt those who attack you in melee.
You have a pair of horns on your head.


Message History

* * * LOW HITPOINT WARNING * * *
The ten-headed hydra bites you.
* * * LOW HITPOINT WARNING * * *
The ten-headed hydra closely misses you. x2
You block the ten-headed hydra's attack.
The ten-headed hydra barely misses you.
You block the ten-headed hydra's attack. x2
The ten-headed hydra barely misses you.
The ten-headed hydra bites you but does no damage.
You lop one of the ten-headed hydra's heads off!
The nine-headed hydra grows two more!
You slash the 11-headed hydra!
The 11-headed hydra is severely wounded.
The 11-headed hydra bites you!
* * * LOW HITPOINT WARNING * * *
You block the 11-headed hydra's attack. x3
The 11-headed hydra bites you but does no damage.
You block the 11-headed hydra's attack. The 11-headed hydra bites you!
* * * LOW HITPOINT WARNING * * *
You block the 11-headed hydra's attack. The 11-headed hydra bites you!
You die...

▓▓▓▓▓▓▓▓▓▓▓▓▓▓▓▓▓▓▓▓▓▓▓▓▓▓▓▓▓▓▓▓▓
_____________________'.....'....†
▓▓▓▓▓▓▓▓▓▓▓▓▓▓▓▓▓▓▓▓▓▓▓▓▓▓▓▓▓▓▓▓▓
.................................
▓▓▓▓▓▓▓▓▓▓▓▓▓▓▓▓▓▓▓▓▓▓▓▓▓▓▓▓▓▓▓▓▓
...FlhD@.......(.....'..
▓▓▓▓▓▓▓▓▓▓▓▓▓▓▓▓▓▓▓▓▓▓▓▓


You could see a 11-headed hydra, a polar bear, a basilisk and a bullfrog.

Vanquished Creatures
  A hydra (D)
  A catoblepas (D)
  A cyclops (D)
  A cane toad (D)
  A troll (D)
  A yak (D)
  A water moccasin (D)
  An orc warrior (D)
  A sky beast (D)
  A wolf (D)
  A centaur (D)
  A big kobold (D)
  A bullfrog (D)
  A hound (D)
  2 shadow imps (D)
  A white imp (D)
  An adder zombie (D)
  3 dart slugs (D)
  A giant cockroach (D)
  A bat (D)
  A frilled lizard (D)
  A giant cockroach zombie (D)
  A rat (D)
26 creatures vanquished.

Vanquished Creatures (others)
  A troll (D)
1 creature vanquished.

Grand Total: 27 creatures vanquished

Notes
Turn   | Place    | Note
-------+----------+-------------------------------------------
     0 | D        | mhtbhm the Minotaur Fighter began the quest for the Orb.
     0 | D        | Reached XP level 1. HP: 19/19 MP: 0/0
    13 | D        | Reached XP level 2. HP: 28/28 MP: 1/1
    19 | D        | Noticed a sky beast
    27 | D        | Reached skill level 3 in Long Blades
    27 | D        | Reached skill level 5 in Armour
    38 | D        | Killed a sky beast
    38 | D        | Reached skill level 5 in Long Blades
    38 | D        | Reached XP level 3. HP: 19/38 MP: 2/2
    38 | D        | Reached XP level 4. HP: 22/45 MP: 3/3
   185 | D        | Found a roughly hewn altar of Beogh.
   185 | D        | Found a snail-covered altar of Cheibriados.
   185 | D        | Found a shadowy altar of Dithmenos.
   185 | D        | Found a white marble altar of Elyvilon.
   185 | D        | Found a blossoming altar of Fedhas.
   185 | D        | Found an opulent altar of Gozag.
   186 | D        | Found a hazy altar of Hepliaklqana.
   187 | D        | Found a viscous altar of Jiyva.
   188 | D        | Found an ancient bone altar of Kikubaaqudgha.
   189 | D        | Found a corrupted altar of Lugonu.
   190 | D        | Found a burning altar of Makhleb.
   191 | D        | Found a sparkling altar of Nemelex Xobeh.
   192 | D        | Found an iron altar of Okawaru.
   193 | D        | Found a stormy altar of Qazlal.
   194 | D        | Found a sacrificial altar of Ru.
   195 | D        | Found a shimmering blue altar of Sif Muna.
   196 | D        | Found a bloodstained altar of Trog.
   197 | D        | Found a hide-covered altar of Uskayaw.
   198 | D        | Found a radiant altar of Vehumet.
   199 | D        | Found an ornate altar of the Wu Jian Council.
   200 | D        | Found a shimmering altar of Xom.
   202 | D        | Became a worshipper of Warmaster Okawaru
   204 | D        | Found a basalt altar of Yredelemnul.
   205 | D        | Found a glowing silver altar of Zin.
   206 | D        | Found a glowing golden altar of the Shining One.
   259 | D        | Noticed a troll
   259 | D        | Noticed a centaur
   259 | D        | Noticed a troll
   259 | D        | Noticed a big kobold
   262 | D        | Killed a big kobold
   262 | D        | Reached skill level 6 in Long Blades
   262 | D        | Reached skill level 1 in Dodging
   262 | D        | Reached XP level 5. HP: 53/53 MP: 4/4
   276 | D        | Killed a troll
   281 | D        | Killed a centaur
   281 | D        | Reached skill level 7 in Long Blades
   281 | D        | Reached XP level 6. HP: 31/62 MP: 5/5
   286 | D        | Killed a troll
   286 | D        | Reached * piety under Okawaru
   286 | D        | Reached skill level 9 in Long Blades
   286 | D        | Reached XP level 7. HP: 11/71 MP: 6/6
   291 | D        | Noticed a cyclops
   291 | D        | Noticed a yak
   291 | D        | Noticed a catoblepas
   299 | D        | Killed a catoblepas
   299 | D        | Reached ** piety under Okawaru
   299 | D        | Reached *** piety under Okawaru
   299 | D        | Reached skill level 10 in Fighting
   299 | D        | Reached skill level 11 in Long Blades
   299 | D        | Reached skill level 10 in Armour
   299 | D        | Reached skill level 1 in Stealth
   299 | D        | Reached skill level 10 in Shields
   299 | D        | Reached skill level 1 in Evocations
   299 | D        | Reached XP level 8. HP: 16/81 MP: 7/7
   299 | D        | Reached skill level 12 in Long Blades
   304 | D        | Killed a cyclops
   304 | D        | Reached skill level 13 in Long Blades
   312 | D        | Reached **** piety under Okawaru
   647 | D        | Noticed a polar bear
   647 | D        | Noticed a cane toad
   647 | D        | Noticed an eight-headed hydra
   653 | D        | Killed a 12-headed hydra
   653 | D        | Reached ***** piety under Okawaru
   653 | D        | Reached skill level 14 in Long Blades
   653 | D        | Reached XP level 9. HP: 81/90 MP: 5/8
   662 | D        | Reached skill level 5 in Dodging
   666 | D        | Noticed a six-headed hydra
   672 | D        | Killed a cane toad
   682 | D        | HP: 1/90 [11-headed hydra (7)]
   682 | D        | Mangled by an 11-headed hydra

Illustrated notes

Levels and vault maps discovered:
D:        linesprint [early_d, line_temple, items_1, d_10, items_2, lair_1,
          lair_end, items_3, orc_1, orc_end, items_4, d_15, swamp_1, shoals_1,
          snake_1, spider_1, d_20, vaults_1, items_5, swamp_end, shoals_end,
          snake_end, spider_end, vaults_end, d_27, items_6, zot_1, zot_end,
          crypt_end, forest_end, elf_end, slime_end, tomb_end, abyss_end,
          pan_hell_end]

Skill      XL: |  1  2  3  4  5  6  7  8  9 |
---------------+----------------------------+-----
Fighting       | 4 6 7 8 9 10 11 | 11.9
Armour         | 4 6 7 8 9 10 11 | 11.4
Shields        | 4 6 7 8 9 10 12 | 12.5
Long Blades    | 5 6 7 9 11 14 | 14.6
Dodging        | 1 2 3 4 5 |  5.1
Stealth        | 1 3 4 |  4.1
Evocations     | 1 2 |  2.2
Invocations    | |  0.5

Action                   |  1- 3 |  4- 6 |  7- 9 || total
-------------------------+-------+-------+-------++-------
Melee: Long sword        |    27 |     8 |       ||    35
       Headbutt          |     5 |     4 |    12 ||    21
       Scimitar          |       |    23 |    44 ||    67
Invok: Heroism           |       |       |     1 ||     1
Evoke: Wand              |       |       |     4 ||     4
  Use: Potion            |     1 |     1 |     2 ||     4
 Stab: Invisible         |       |     1 |     3 ||     4
Armor: Scale mail        |    11 |     3 |       ||    14
       Chain mail        |       |     6 |    22 ||    28
Dodge: Dodged            |     6 |    11 |    21 ||    38
Block: Kite shield       |     5 |    19 |    38 ||    62
       Rpst.: Long sword |       |     1 |       ||     1
       Scimitar          |       |     4 |     5 ||     9

Table legend: (Time is in decaauts)
 A = Elapsed time spent in this place.
 B = Non-inter-level travel time spent in this place.
 C = Inter-level travel time spent in this place.
 D = Time resting spent in this place.
 E = Time spent auto-exploring this place.
 F = Levels seen in this place.
 G = Mean time per level.
                   A        B        C        D        E       F      G
               +--------+--------+--------+--------+--------+-----+--------+
         Total |    684 |    684 |      0 |    245 |    174 |   1 |  684.0 |
       Dungeon |    684 |    684 |      0 |    245 |    174 |   1 |  684.0 |
               +--------+--------+--------+--------+--------+-----+--------+

Top non-repeatable levels by time:
       D: 684 daAuts
